TOP OF THE 1ST |
Scottsdale Scorpions batting - Pitching for Savannah Hogs : LHP Ricardo Rosário
|
Pitching: LHP Ricardo Rosário
|
|
Batting: RHB Manny Moreno
|
0-0: Called Strike 0-1: Ball 1-1: Ball 2-1: Foul Ball, location: 2F 2-2: Strikes out looking
|
Batting: RHB Mike Hall
|
0-0: Bunt for hit - play at first, batter OUT! 2-3
|
Batting: RHB Jon Hartley
|
0-0: Called Strike 0-1: Ball 1-1: Foul Ball, location: 2F 1-2: Foul Ball, location: 2F 1-2: Foul Ball, location: 2F 1-2: Foul Ball, location: 2F 1-2: Strikes out swinging
|
Top of the 1st over - 0 runs, 0 hits, 0 errors, 0 left on base; Scottsdale 0 - Savannah 0 |
BOTTOM OF THE 1ST |
Savannah Hogs batting - Pitching for Scottsdale Scorpions : RHP Javier Santos
|
Pitching: RHP Javier Santos
|
|
Batting: SHB David Bennett
|
0-0: Ball 1-0: Called Strike 1-1: Swinging Strike 1-2: Strikes out swinging
|
Batting: RHB Gilberto Bautista
|
0-0: Ball 1-0: Swinging Strike 1-1: Swinging Strike 1-2: Strikes out swinging
|
Batting: RHB Melvin Matthews
|
0-0: Called Strike 0-1: Ball 1-1: Swinging Strike 1-2: Ball 2-2: Strikes out looking
|
Bottom of the 1st over - 0 runs, 0 hits, 0 errors, 0 left on base; Scottsdale 0 - Savannah 0 |
TOP OF THE 2ND |
Scottsdale Scorpions batting - Pitching for Savannah Hogs : LHP Ricardo Rosário
|
Batting: RHB Rob Johnston
|
0-0: Fly out, F9 (Flyball, 9LS)
|
Batting: LHB John Jones
|
0-0: SOLO HOME RUN (Flyball, 9LD), Distance : 365 ft
|
Batting: RHB Ánibal López
|
0-0: Ball 1-0: Fly out, F9 (Flyball, 9LSF)
|
Batting: RHB Javier Gonzáles
|
0-0: Ball 1-0: Ball 2-0: SINGLE (Line Drive, 9S)
|
Batting: RHB Jeff McQueen
|
0-0: Swinging Strike 0-1: Ball 1-1: Swinging Strike 1-2: Ball 2-2: Foul Ball, location: 2F 2-2: Foul Ball, location: 2F 2-2: Ball 3-2: Strikes out swinging
|
Top of the 2nd over - 1 run, 2 hits, 0 errors, 1 left on base; Scottsdale 1 - Savannah 0 |
BOTTOM OF THE 2ND |
Savannah Hogs batting - Pitching for Scottsdale Scorpions : RHP Javier Santos
|
Batting: RHB Juan Morales
|
0-0: Foul Ball, location: 2F 0-1: Ball 1-1: Ground out 4-3 (Groundball, 34)
|
Batting: RHB Louis Miller
|
0-0: Ball 1-0: Called Strike 1-1: Ball 2-1: Swinging Strike 2-2: Ball 3-2: Foul Ball, location: 2F 3-2: Foul Ball, location: 2F 3-2: Strikes out swinging
|
Batting: LHB Felipe Franco
|
0-0: Called Strike 0-1: Ball 1-1: Foul Ball, location: 2F 1-2: Foul Ball, location: 2F 1-2: Ball 2-2: Strikes out swinging
|
Bottom of the 2nd over - 0 runs, 0 hits, 0 errors, 0 left on base; Scottsdale 1 - Savannah 0 |
TOP OF THE 3RD |
Scottsdale Scorpions batting - Pitching for Savannah Hogs : LHP Ricardo Rosário
|
Batting: RHB Dave MacGruder
|
0-0: Ball 1-0: Called Strike 1-1: Foul Ball, location: 2F 1-2: Strikes out swinging
|
Batting: RHB Manny Moreno
|
0-0: Called Strike 0-1: Fly out, F7 (Flyball, 7D)
|
Batting: RHB Mike Hall
|
0-0: Fly out, F4 (Line Drive, 4)
|
Top of the 3rd over - 0 runs, 0 hits, 0 errors, 0 left on base; Scottsdale 1 - Savannah 0 |
BOTTOM OF THE 3RD |
Savannah Hogs batting - Pitching for Scottsdale Scorpions : RHP Javier Santos
|
Batting: RHB Mike Russell
|
0-0: Ball 1-0: Fly out, F9 (Flyball, 9D)
|
Batting: RHB Ramiro Villescaz
|
0-0: Ball 1-0: Called Strike 1-1: Ground out 5-3 (Groundball, 56)
|
Batting: RHB Miguel Martínez
|
0-0: Foul Ball, location: 2F 0-1: Ball 1-1: Foul Ball, location: 2F 1-2: Ball 2-2: Foul Ball, location: 2F 2-2: Foul Ball, location: 2F 2-2: Foul Ball, location: 2F 2-2: Foul Ball, location: 2F 2-2: Foul Ball, location: 2F 2-2: Strikes out swinging
|
Bottom of the 3rd over - 0 runs, 0 hits, 0 errors, 0 left on base; Scottsdale 1 - Savannah 0 |
TOP OF THE 4TH |
Scottsdale Scorpions batting - Pitching for Savannah Hogs : LHP Ricardo Rosário
|
Batting: RHB Jon Hartley
|
0-0: Fly out, F9 (Flyball, 89S)
|
Batting: RHB Rob Johnston
|
0-0: Ball 1-0: Ground out 6-3 (Groundball, 6)
|
Batting: LHB John Jones
|
0-0: Called Strike 0-1: Ball 1-1: Swinging Strike 1-2: Ball 2-2: Strikes out swinging
|
Top of the 4th over - 0 runs, 0 hits, 0 errors, 0 left on base; Scottsdale 1 - Savannah 0 |
BOTTOM OF THE 4TH |
Savannah Hogs batting - Pitching for Scottsdale Scorpions : RHP Javier Santos
|
Batting: SHB David Bennett
|
0-0: Ball 1-0: Called Strike 1-1: Swinging Strike 1-2: Ball 2-2: Strikes out looking
|
Batting: RHB Gilberto Bautista
|
0-0: Ball 1-0: Ball 2-0: Ball 3-0: Called Strike 3-1: Called Strike 3-2: SINGLE (Flyball, 9LM)
|
Batting: RHB Melvin Matthews
|
0-0: Ball 1-0: Foul Ball, location: 2F 1-1: Called Strike 1-2: Ball 2-2: Foul Ball, location: 2F 2-2: Ball 3-2: Foul Ball, location: 2F 3-2: SINGLE (Groundball, 56D) Gilberto Bautista to second
|
Batting: RHB Juan Morales
|
0-0: Called Strike 0-1: Ball 1-1: Foul Ball, location: 2F 1-2: Ball 2-2: Foul Ball, location: 2F 2-2: Foul Ball, location: 2F 2-2: SINGLE (Groundball, 4) (infield hit) Gilberto Bautista to third Melvin Matthews to second
|
Batting: RHB Louis Miller
|
0-0: Ball Wild Pitch! Gilberto Bautista scores Melvin Matthews to third Juan Morales to second 1-0: Fly out, F8 (Flyball, 8RM) Runner from 3rd tags up, SCORES, throw made
|
Batting: LHB Felipe Franco
|
0-0: Intentional Walk
|
Batting: RHB Mike Russell
|
0-0: Ball 1-0: Ground out 5-3 (Groundball, 25)
|
Bottom of the 4th over - 2 runs, 3 hits, 0 errors, 2 left on base; Scottsdale 1 - Savannah 2 |
TOP OF THE 5TH |
Scottsdale Scorpions batting - Pitching for Savannah Hogs : LHP Ricardo Rosário
|
Batting: RHB Ánibal López
|
0-0: Called Strike 0-1: Ball 1-1: Ground out 4-3 (Groundball, 4D)
|
Batting: RHB Javier Gonzáles
|
0-0: Ball 1-0: Called Strike 1-1: Called Strike 1-2: Ball 2-2: Strikes out swinging
|
Batting: RHB Jeff McQueen
|
0-0: Swinging Strike 0-1: Called Strike 0-2: Ball 1-2: Ball 2-2: Foul Ball, location: 2F 2-2: Ball 3-2: Ground out 6-3 (Groundball, 6)
|
Top of the 5th over - 0 runs, 0 hits, 0 errors, 0 left on base; Scottsdale 1 - Savannah 2 |
BOTTOM OF THE 5TH |
Savannah Hogs batting - Pitching for Scottsdale Scorpions : RHP Javier Santos
|
Batting: RHB Ramiro Villescaz
|
0-0: Ground out 5-3 (Groundball, 5L)
|
Batting: RHB Miguel Martínez
|
0-0: Bunt missed! 0-1: Foul Ball, location: 2F 0-2: Ball 1-2: Ball 2-2: SINGLE (Groundball, 56D)
|
Batting: SHB David Bennett
|
0-0: Grounds into double play, 1-4-3 (Groundball, 15)
|
Bottom of the 5th over - 0 runs, 1 hit, 0 errors, 0 left on base; Scottsdale 1 - Savannah 2 |
TOP OF THE 6TH |
Scottsdale Scorpions batting - Pitching for Savannah Hogs : LHP Ricardo Rosário
|
Batting: RHB Dave MacGruder
|
0-0: Ball 1-0: Foul Ball, location: 2F 1-1: Called Strike 1-2: SINGLE (Line Drive, 6)
|
Batting: RHB Manny Moreno
|
0-0: Ball Wild Pitch! Dave MacGruder to second 1-0: Ball 2-0: Called Strike 2-1: Fly out, F5 (Popup, 15)
|
Batting: RHB Mike Hall
|
0-0: Called Strike 0-1: Called Strike 0-2: Ball 1-2: SINGLE (Line Drive, 9LS) Dave MacGruder to third Runner from 3rd tries for Home, SAFE, throw made home
|
Batting: RHB Jon Hartley
|
0-0: Ball 1-0: Ball 2-0: Ball 3-0: Called Strike 3-1: Base on Balls Mike Hall to second
|
Batting: RHB Rob Johnston
|
0-0: Ball 1-0: Swinging Strike 1-1: Ball 2-1: Fly out, F3 (Popup, 34)
|
Batting: LHB John Jones
|
0-0: Ball 1-0: Called Strike 1-1: Fly out, F9 (Flyball, 9LS)
|
Top of the 6th over - 1 run, 2 hits, 0 errors, 2 left on base; Scottsdale 2 - Savannah 2 |
BOTTOM OF THE 6TH |
Savannah Hogs batting - Pitching for Scottsdale Scorpions : RHP Javier Santos
|
Batting: RHB Gilberto Bautista
|
0-0: Ball 1-0: Ball 2-0: Ball 3-0: Base on Balls
|
Batting: RHB Melvin Matthews
|
0-0: Foul Ball, location: 2F 0-1: Ball 1-1: Ball 2-1: Called Strike 2-2: Foul Ball, location: 2F 2-2: Ball 3-2: Fly out, F9 (Flyball, 9LSF)
|
Batting: RHB Juan Morales
|
0-0: Hit by Pitch Gilberto Bautista to second
|
Batting: RHB Louis Miller
|
0-0: Ball Gilberto Bautista steals 3rd base Juan Morales to second 1-0: Called Strike 1-1: Ball 2-1: Called Strike 2-2: Ground out 4-3 (Groundball, 4)
|
Batting: LHB Felipe Franco
|
0-0: Intentional Walk
|
Batting: RHB Mike Russell
|
0-0: Called Strike 0-1: Ball 1-1: Ground out 3-1 (Groundball, 3S)
|
Bottom of the 6th over - 0 runs, 0 hits, 0 errors, 3 left on base; Scottsdale 2 - Savannah 2 |
TOP OF THE 7TH |
Scottsdale Scorpions batting - Pitching for Savannah Hogs : LHP Ricardo Rosário
|
Batting: RHB Ánibal López
|
0-0: DOUBLE (Line Drive, 89M)
|
Batting: RHB Javier Gonzáles
|
0-0: Intentional Walk
|
Pinch Runner at 2nd Miguel Ramos:
|
|
Batting: RHB Jeff McQueen
|
0-0: Ball Miguel Ramos steals 3rd base 1-0: Ball 2-0: Foul Ball, location: 2F 2-1: Ball 3-1: Base on Balls Javier Gonzáles to second
|
Pinch Hitting: RHB Randy Banks
|
0-0: Ball 1-0: Ball 2-0: Fly out, F9 (Flyball, 89S)
|
Batting: RHB Manny Moreno
|
0-0: Called Strike 0-1: Grounds into fielders choice 5-2 (Groundball, 5L) Javier Gonzáles to third Jeff McQueen to second
|
Batting: RHB Mike Hall
|
0-0: Ball 1-0: Called Strike 1-1: Foul Ball, location: 2F 1-2: SINGLE (Groundball, 56D) Javier Gonzáles scores Jeff McQueen to third Manny Moreno to second Runner from 3rd tries for Home, SAFE, throw made home
|
Batting: RHB Jon Hartley
|
0-0: Called Strike Manny Moreno steals 3rd base 0-1: Swinging Strike 0-2: Ball 1-2: Strikes out looking
|
Top of the 7th over - 2 runs, 2 hits, 0 errors, 2 left on base; Scottsdale 4 - Savannah 2 |
BOTTOM OF THE 7TH |
Savannah Hogs batting - Pitching for Scottsdale Scorpions : RHP Javier Santos
|
Pitching: RHP Jaime Morín
|
|
Now at 2B: Randy Banks
|
|
Batting: RHB Ramiro Villescaz
|
0-0: Called Strike 0-1: Ball 1-1: Foul Ball, location: 2F 1-2: Strikes out swinging
|
Batting: RHB Miguel Martínez
|
0-0: Called Strike 0-1: Foul Ball, location: 2F 0-2: Foul Ball, location: 2F 0-2: Ball 1-2: Fly out, F7 (Line Drive, 78M)
|
Batting: SHB David Bennett
|
0-0: Ball 1-0: Fly out, F7 (Line Drive, 7LM)
|
Bottom of the 7th over - 0 runs, 0 hits, 0 errors, 0 left on base; Scottsdale 4 - Savannah 2 |
TOP OF THE 8TH |
Scottsdale Scorpions batting - Pitching for Savannah Hogs : LHP Ricardo Rosário
|
Pitching: RHP Ismael Chávez
|
|
Batting: RHB Rob Johnston
|
0-0: Ball 1-0: Ball 2-0: Called Strike 2-1: Ball 3-1: Base on Balls
|
Pitching: RHP Salvador Cervantes
|
|
Batting: LHB John Jones
|
0-0: Swinging Strike 0-1: Ball 1-1: Ball 2-1: Foul Ball, location: 2F 2-2: Ball 3-2: Foul Ball, location: 2F 3-2: Fly out, F8 (Flyball, 8RS)
|
Batting: RHB Miguel Ramos
|
0-0: Ball Rob Johnston steals 2nd base 1-0: Intentional Walk
|
Pinch Hitting: LHB Manny Vigil
|
0-0: Fly out, F7 (Flyball, 7LSF)
|
Batting: RHB Jeff McQueen
|
0-0: Foul Ball, location: 2F 0-1: Swinging Strike 0-2: Ball 1-2: Strikes out looking
|
Top of the 8th over - 0 runs, 0 hits, 0 errors, 2 left on base; Scottsdale 4 - Savannah 2 |
BOTTOM OF THE 8TH |
Savannah Hogs batting - Pitching for Scottsdale Scorpions : RHP Jaime Morín
|
Now at SS: Daniel Bennett
|
|
Now in RF: Alan Evans
|
|
Batting: RHB Gilberto Bautista
|
0-0: Foul Ball, location: 2F 0-1: Ball 1-1: Swinging Strike 1-2: Ball 2-2: Foul Ball, location: 2F 2-2: SINGLE (Groundball, 4) (infield hit)
|
Batting: RHB Melvin Matthews
|
0-0: Called Strike 0-1: Foul Ball, location: 2F 0-2: Grounds into double play, 4-6-3 (Groundball, 4)
|
Batting: RHB Juan Morales
|
0-0: Ball 1-0: Foul Ball, location: 2F 1-1: Ball 2-1: DOUBLE (Line Drive, 7LM)
|
Batting: RHB Louis Miller
|
0-0: Swinging Strike 0-1: Ball 1-1: Foul Ball, location: 2F 1-2: Strikes out looking
|
Bottom of the 8th over - 0 runs, 2 hits, 0 errors, 1 left on base; Scottsdale 4 - Savannah 2 |
TOP OF THE 9TH |
Scottsdale Scorpions batting - Pitching for Savannah Hogs : RHP Salvador Cervantes
|
Batting: RHB Randy Banks
|
0-0: Ball 1-0: Ball 2-0: Called Strike 2-1: Foul Ball, location: 2F 2-2: Strikes out swinging
|
Pitching: RHP César Marrero
|
|
Batting: RHB Manny Moreno
|
0-0: Ball 1-0: Ball 2-0: Called Strike 2-1: Called Strike 2-2: Ball 3-2: Base on Balls
|
Batting: RHB Mike Hall
|
0-0: Called Strike 0-1: Ball 1-1: Ball 2-1: Fly out, F8 (Flyball, 8RS)
|
Batting: RHB Jon Hartley
|
0-0: Ball 1-0: Ground out 4-3 (Groundball, 34)
|
Top of the 9th over - 0 runs, 0 hits, 0 errors, 1 left on base; Scottsdale 4 - Savannah 2 |
BOTTOM OF THE 9TH |
Savannah Hogs batting - Pitching for Scottsdale Scorpions : RHP Jaime Morín
|
Pitching: RHP Alberto Sepúlveda
|
|
Batting: LHB Felipe Franco
|
0-0: Ball 1-0: Called Strike 1-1: Fly out, F7 (Flyball, 7LMF)
|
Batting: RHB Mike Russell
|
0-0: Called Strike 0-1: Foul Ball, location: 2F 0-2: Ball 1-2: Strikes out swinging
|
Batting: RHB Ramiro Villescaz
|
0-0: Foul Ball, location: 2F 0-1: Called Strike 0-2: Ball 1-2: Reached on error, E3 (Groundball, 3)
|
Pinch Hitting: SHB Juan Chávez
|
0-0: Ball Wild Pitch! Ramiro Villescaz to second 1-0: Ball 2-0: Called Strike 2-1: Ball 3-1: Swinging Strike 3-2: Foul Ball, location: 2F 3-2: Strikes out looking
|
Bottom of the 9th over - 0 runs, 0 hits, 1 error, 1 left on base; Scottsdale 4 - Savannah 2 |
|